 Dungeon Crawl Stone Soup version 0.31-a0-986-g5e6e4ef867 (webtiles) character file.

Game seed: 12988350687794108079

133 croobank the Cutter (level 5, -7/37 HPs)
             Began as an Octopode Monk on Nov 5, 2023.
             Was a Follower of Ashenzari.
             Killed by divine providence
             ... invoked by an orc priest
              (10 damage)
             ... on level 3 of the Dungeon.
             The game lasted 00:04:38 (1581 turns).

croobank the Cutter (Octopode Monk)                 Turns: 1581, Time: 00:04:38

Health: -7/37      AC:  1    Str: 10    XL:     5   Next: 16%
Magic:  5/5        EV: 15    Int: 21    God:    Ashenzari [*.....]
Gold:   180        SH:  0    Dex: 14    Spells: 4/4 levels left

rFire   . . .        a - +0 short sword (drain)
rCold   + . .        c - orb {light}
rNeg    . . .        (helmet currently unavailable)
rPois   .            (no amulet)
rElec   .            m - ring of the Tethered Cynicism {Int+6, Dev, Cun} (curse)
rCorr   .            k - ring "Thunder Perfect Mind" {rC+, Cun, Melee} (curse)
SInv    .            d - ring of wizardry
Will    .....        (no ring)
Stlth   +            (no ring)
HPRegen 0.26/turn    (no ring)
MPRegen 0.09/turn    (no ring)
                     (no ring)

%: wizardry (x1)
@: beast-form, glowing
A: beast (slay +0), almost no armour, amphibious, 8 rings, camouflage 1,
gelatinous body 1, (nimble swimmer 1), tentacles
a: Begin Untransformation, Renounce Religion, Shatter the Chains


You were on level 3 of the Dungeon.
You worshipped Ashenzari.
Ashenzari was aware of your devotion.
You were a hulking beast.
You visited 1 branch of the dungeon, and saw 3 of its levels.

You collected 180 gold pieces.

Inventory:

Hand Weapons
 a - a +0 short sword of draining (weapon)
 s - a +0 spear
Armour
 c - an orb of light (worn)
 l - a +0 kite shield
Jewellery
 d - a ring of wizardry (on tentacle)
 k - the cursed ring "Thunder Perfect Mind" (right tentacle) {rC+, Cun, Melee}
   (You found it on level 1 of the Dungeon)

   [ring of protection from cold]

   rC+:       It protects you from cold.
   It has a curse which improves the following skills: Cunning: Dodging and
   Stealth.
   Melee Combat: Short Blades, Long Blades, Axes, Maces & Flails, Polearms,
   Staves and Unarmed Combat.
 m - the cursed ring of the Tethered Cynicism (left tentacle) {Int+6, Dev, Cun}
   (You found it on level 2 of the Dungeon)

   [ring of intelligence]

   Int+6:     It affects your intelligence (+6).
   It has a curse which improves the following skills: Devices: Evocations and
   Shapeshifting.
   Cunning:   Dodging and Stealth.
Talismans
 g - a beast talisman (active)
Scrolls
 f - a scroll of vulnerability
 i - a scroll of identify
 n - 2 scrolls of revelation
 o - 2 scrolls of amnesia
 p - a scroll of blinking
 q - 2 scrolls of teleportation
Potions
 b - a potion of ambrosia
 e - a potion of haste
 h - 2 potions of curing
 j - a potion of enlightenment
 r - a potion of magic


   Skills:
 * Level 3.9 Fighting
 * Level 4.0(4.7) Short Blades
 * Level 4.0(5.1) Dodging
 + Level 1.2 Shields


You had 4 spell levels left.
You didn't know any spells.
Your spell library contained the following spells:

 Spells                   Type           Power      Damage    Failure   Level
 Chain Lightning          Conj/Air       0%         N/A       100%        9
 Fire Storm               Conj/Fire      0%         5d1       100%        9
 Shatter                  Erth           0%         3d5*      100%        9


Dungeon Overview and Level Annotations

Branches:
Dungeon (3/15)

Altars:
Ashenzari
Sif Muna


Innate Abilities, Weirdness & Mutations

You are a hulking beast.
Your limbs bulge with bestial killing power. (Slay +0)
You cannot wear most types of armour.
You are amphibious.
You can wear up to eight rings at the same time.
Your skin changes colour to match your surroundings (Stealth+).
Your rubbery body absorbs attacks. (AC +1, EV +1)
((You are camouflaged when in or above water. (Stealth+)))
You have tentacles for arms and can constrict up to eight enemies at once.


Message History

The orc priest casts a cantrip, but nothing happens.
The orc hits you with a +0 hand axe.
An orc priest comes into view. It is wielding a +0 trident.
You hit the orc but do no damage. You squeeze the orc, but do no damage.
The orc is lightly wounded.
You constrict the orc. You hit the orc but do no damage.
You squeeze the orc, but do no damage.
The orc is moderately wounded.
You constrict the orc. The orc closely misses you.
You hit the orc. You drain the orc.
You kill the orc!
The orc priest looks satisfied for a moment.
You barely miss the orc. You grab the orc.
You constrict the orc, but do no damage.
The orc misses you.
You hit the orc.
The orc is lightly wounded.
You constrict the orc. The orc hits you with a +0 hand axe!
You hit the orc. You drain the orc.
You kill the orc!
Your base Dodging skill increases to level 4!
The orc priest barely misses you. The hobgoblin completely misses you.
Things that are here:
a +0 hand axe; a +0 hand axe; a +0 leather armour You barely miss the orc priest.
Your grab misses the orc priest. You squeeze the orc priest.
The orc priest is moderately wounded.
The orc priest looks encouraged for a moment.
The orc priest calls down the wrath of Beogh upon you.
Beogh smites you! The hobgoblin closely misses you.
You hit the orc priest. You drain the orc priest. You grab the orc priest.
You squeeze the orc priest.
The orc priest is severely wounded.
You constrict the orc priest.
The orc priest invokes the aid of Beogh against you.
Beogh smites you!
* * * LOW HITPOINT WARNING * * *
The orc priest calls down the wrath of Beogh upon you.
Beogh smites you!
You die...

..# #.#.# #.#.. ..# #.#.# #.#..
### #.#.# #<..# ### #.#.# #.#†.
..# #.#.# # # #..#.#..
..####.#.####### .#.# #..#.#.#
................ ..... .......
..####.#.#########o..# ##..#..
.......#........hoo..# .......
.....############g.##########...#
##...# ###### ..... ..#....#..
##...######....# .######.#.##.#..
.)...'....#....# .# #......#.#
##...####.#..(.# .# #...#.....
#...# #.#....##'######...####.#
##### #.#.....................#
#.#..............########


You could see 2 orc priests, an orc and a hobgoblin.

Vanquished Creatures
  Terence (D:2)
  3 gnolls (D:3)
  2 adders
  2 worms
  4 dart slugs
  2 orcs (D:3)
  3 ball pythons
  3 bats
  3 endoplasms
  A giant cockroach (D:3)
  3 goblins
  5 hobgoblins
  7 kobolds
  3 quokkas
  A rat (D:2)
43 creatures vanquished.

Notes
Turn   | Place    | Note
-------+----------+-------------------------------------------
     0 | D:1      | croobank the Octopode Monk began the quest for the Orb.
     0 | D:1      | Reached XP level 1. HP: 16/16 MP: 1/1
    94 | D:1      | Reached XP level 2. HP: 7/21 MP: 2/2
   630 | D:2      | Reached XP level 3. HP: 21/26 MP: 3/3
  1080 | D:2      | Noticed Terence
  1084 | D:2      | Killed Terence
  1085 | D:2      | Reached XP level 4. HP: 24/33 MP: 4/4
  1172 | D:2      | Found a faded altar of an unknown god.
  1184 | D:2      | Prayed at the altar of an unknown god.
  1184 | D:2      | Became a worshipper of Ashenzari the Shackled
  1197 | D:2      | Reached * piety under Ashenzari
  1269 | D:3      | Reached skill level 1 in Shields
  1338 | D:3      | Found a shimmering blue altar of Sif Muna.
  1495 | D:3      | Reached XP level 5. HP: 33/37 MP: 5/5
  1581 | D:3      | Killed from afar by an orc priest

Illustrated notes

Levels and vault maps discovered:
D:1:      minmay_arrival_shattered_statue, layout_rooms
D:2:      layout_basic, dreamdust_ecumenical_altar_hidden_monk_grotto,
          minmay_unequal, uniq_terence
D:3:      layout_basic, nicolae_sif_muna_condensation, minmay_box_of_dots

Skill      XL: |  1  2  3  4  5 |
---------------+----------------+-----
Shields        | 1 |  1.2
Short Blades   | 4 |  4.0
Dodging        | 4 |  4.0
Fighting       | |  3.9

Action                     |  1- 3 |  4- 6 || total
---------------------------+-------+-------++-------
  Melee: Short sword       |    62 |    44 ||   106
         Constrict         |    18 |    10 ||    28
         Tentacles         |    21 |    10 ||    31
         Punch             |     4 |       ||     4
 Invoke: Curse Item        |       |     2 ||     2
    Use: Scroll            |     1 |       ||     1
   Stab: Sleeping          |     1 |     1 ||     2
 Armour: Skin              |    25 |    11 ||    36
  Dodge: Dodged            |    39 |    23 ||    62
   Form: Beast             |     1 |       ||     1

Table legend: (Time is in decaauts)
 A = Elapsed time spent in this place.
 B = Non-inter-level travel time spent in this place.
 C = Inter-level travel time spent in this place.
 D = Time resting spent in this place.
 E = Time spent auto-exploring this place.
 F = Levels seen in this place.
 G = Mean time per level.
                   A        B        C        D        E       F      G
               +--------+--------+--------+--------+--------+-----+--------+
         Total |   1558 |   1499 |     59 |    167 |    916 |   3 |  519.3 |
       Dungeon |   1558 |   1499 |     59 |    167 |    916 |   3 |  519.3 |
               +--------+--------+--------+--------+--------+-----+--------+

Top non-repeatable levels by time:
     D:2: 677 daAuts
     D:1: 530 daAuts
     D:3: 350 daAuts
